 Dungeon Crawl Stone Soup version 0.31-a0-1612-g4aaf141 (webtiles) character file.

Game seed: 8537790516319168379

11 Dorkslayer the Ducker (level 2, -2/21 HPs)
             Began as an Octopode Fighter on Jan 9, 2024.
             Slain by a kobold
             ... wielding a +0 club
              (4 damage)
             ... on level 1 of the Dungeon.
             The game lasted 00:00:42 (178 turns).

Dorkslayer the Ducker (Octopode Fighter)             Turns: 178, Time: 00:00:43

Health: -2/21      AC:  1    Str: 15    XL:     2   Next: 29%
Magic:  2/2        EV: 13    Int: 10    God:
Gold:   10         SH:  4    Dex: 11    Spells: 1/1 levels left

rFire   . . .        a - +0 long sword
rCold   . . .        b - +0 buckler
rNeg    . . .        (helmet restricted)
rPois   .            (no amulet)
rElec   .            (no ring)
rCorr   .            (no ring)
SInv    .            (no ring)
Will    .....        (no ring)
Stlth   ++           (no ring)
HPRegen 0.23/turn    (no ring)
MPRegen 0.08/turn    (no ring)
                     (no ring)

%: no passive effects
@: invisible
A: almost no armour, amphibious, 8 rings, camouflage 1, gelatinous body 1,
(nimble swimmer 1), tentacles
a: no special abilities


You were on level 1 of the Dungeon.
You visited 1 branch of the dungeon, and saw 1 of its levels.

You collected 10 gold pieces.

Inventory:

Hand Weapons
 a - a +0 long sword (weapon)
Armour
 b - a +0 buckler (worn)
Scrolls
 e - a scroll of immolation {unknown}
 f - a scroll of vulnerability {unknown}
Potions
 c - a potion of might


   Skills:
 + Level 3.2 Fighting
 + Level 2.1 Long Blades
 * Level 3.2 Dodging
 + Level 3.1 Shields


You had one spell level left.
You didn't know any spells.
Your spell library was empty.

Dungeon Overview and Level Annotations

Branches:
Dungeon (1/15)

Altars:
Xom


Innate Abilities, Weirdness & Mutations

You cannot wear most types of armour.
You are amphibious.
You can wear up to eight rings at the same time.
Your skin changes colour to match your surroundings (Stealth+).
Your rubbery body absorbs attacks. (AC +1, EV +1)
((You are camouflaged when in or above water. (Stealth+)))
You have tentacles for arms and can constrict up to eight enemies at once.


Message History

* * * LOW HITPOINT WARNING * * *
You block the rat's attack.
A kobold comes into view. It is wielding a +0 whip.
You escape the ball python's grasp.
You release your grip on the ball python.
The kobold shouts!
Okay, then.
It was a potion of invisibility.
You fade into invisibility!
The ball python bites you.
* * * LOW HITPOINT WARNING * * *
The hobgoblin misses you. You block the rat's attack.
The kobold barely misses you. The ball python misses you.
Found 18 gold pieces.
You hit the ball python but do no damage.
Your grab misses the ball python.
The ball python is severely wounded.
The ball python misses you. The ball python bites you.
* * * LOW HITPOINT WARNING * * *
You catch the helpless ball python completely off-guard!
You hit the ball python.
You kill the ball python!
You slash the hobgoblin!
You kill the hobgoblin!
You block the kobold's attack. The kobold hits you with a +0 whip.
* * * LOW HITPOINT WARNING * * *
Unknown command.
You hit the kobold but do no damage. Your grab misses the kobold.
Your squeeze misses the kobold. The kobold misses you.
The kobold throws a stone.
The stone misses you.
You catch the helpless kobold completely off-guard!
You hit the kobold but do no damage. You grab the kobold.
You squeeze the kobold.
You kill the kobold!
You catch the helpless kobold completely off-guard!
You hit the kobold. Your grab misses the kobold.
The kobold is moderately wounded.
The kobold closely misses you. The kobold hits you with a +0 club.
You die...

##......#.....
#.........#..
..........#.#
..........#.#
............#####
................#
..........#...#...
#........#K)#......
. #........#@##
#.... .
..?........# ... ♣
...[.......# .. .$
...........# ..
......... #.
........# #
......#.# ...$.##.#
.. #


You could see a kobold (unable to see you).

Vanquished Creatures
  3 ball pythons (D:1)
  2 endoplasms (D:1)
  A goblin (D:1)
  A hobgoblin (D:1)
  A kobold (D:1)
  2 rats (D:1)
10 creatures vanquished.

Notes
Turn   | Place    | Note
-------+----------+-------------------------------------------
     0 | D:1      | Dorkslayer the Octopode Fighter began the quest for the
                  | Orb.
     0 | D:1      | Reached XP level 1. HP: 16/16 MP: 1/1
    10 | D:1      | Found a shimmering altar of Xom.
   124 | D:1      | Reached XP level 2. HP: 21/21 MP: 2/2
   167 | D:1      | HP: 1/21 [ball python (1)]
   173 | D:1      | HP: 1/21 [ball python (1)]
   178 | D:1      | Slain by a kobold

Illustrated notes

Levels and vault maps discovered:
D:1:      dpeg_arrival_water_altar, layout_rooms, serial_forest,
          infiniplex_forest_straight_1, infiniplex_forest_fountain,
          infiniplex_forest_end_1, infiniplex_forest_end_3,
          infiniplex_forest_clump_small, infiniplex_forest_end_2,
          infiniplex_forest_end_3

Action                     || total
---------------------------++-------
  Melee: Long sword        ||    19
         Tentacles         ||     5
         Constrict         ||     2
    Use: Potion            ||     1
   Stab: Sleeping          ||     1
         Invisible         ||     3
 Armour: Skin              ||    15
  Dodge: Dodged            ||    13
  Block: Buckler           ||     8

Table legend: (Time is in decaauts)
 A = Elapsed time spent in this place.
 B = Non-inter-level travel time spent in this place.
 C = Inter-level travel time spent in this place.
 D = Time resting spent in this place.
 E = Time spent auto-exploring this place.
 F = Levels seen in this place.
 G = Mean time per level.
                   A        B        C        D        E       F      G
               +--------+--------+--------+--------+--------+-----+--------+
         Total |    183 |    183 |      0 |      0 |     56 |   1 |  183.0 |
       Dungeon |    183 |    183 |      0 |      0 |     56 |   1 |  183.0 |
               +--------+--------+--------+--------+--------+-----+--------+

Top non-repeatable levels by time:
     D:1: 183 daAuts
